 Dungeon Crawl Stone Soup version 0.29-a0-356-g7bc237e783 (webtiles) character file.

Game seed: 1392515250343282092

1 rabbitsville the Skirmisher (level 1, -2/18 HPs)
             Began as a Formicid Chaos Knight on Apr 25, 2022.
             Was a Plaything of Xom.
             Slain by a wind drake (shapeshifter) (3 damage)
             ... on level 1 of the Dungeon.
             The game lasted 00:01:55 (149 turns).

rabbitsville the Skirmisher (Formicid Chaos Knight)  Turns: 149, Time: 00:01:56

Health: -2/18      AC:  5    Str: 16    XL:     1   Next: 22%
Magic:  1/1        EV: 11    Int: 11    God:    Xom [..*...]
Gold:   0          SH:  0    Dex: 10    Spells: 0/0 levels left

rFire   . . .      SeeInvis +   a - +0 mace (chaos)
rCold   . . .      Faith    .   (no shield)
rNeg    . . .      Spirit   .   b - +2 leather armour
rPois   .          Reflect  .   (helmet unavailable)
rElec   .          Harm     .   (no cloak)
rCorr   .          Rampage  .   (no gloves)
Will    .....                   (no boots)
Stlth   +.........              (no amulet)
HPRegen 0.06/turn               (no ring)
MPRegen 0.07/turn               (no ring)

@: brilliant
A: permanent stasis, dig shafts and tunnels, antennae 3, four strong arms
a: Dig, Shaft Self, Renounce Religion


You were on level 1 of the Dungeon.
You worshipped Xom.
You were a toy of Xom.
You visited 1 branch of the dungeon, and saw 1 of its levels.

Inventory:

Hand Weapons
 a - a +0 mace of chaos (weapon)
Armour
 b - a +2 leather armour (worn)
 e - a +0 ring mail
Scrolls
 d - a scroll of summoning {unknown}
Miscellaneous
 c - a piece from Xom's chessboard (11/15) (quivered)


   Skills:
 * Level 3.3 Fighting
 * Level 3.0 Maces & Flails
 + Level 2.2 Armour
 - Level 0.8 Dodging


You couldn't memorise any spells.
You didn't know any spells.
Your spell library was empty.

Dungeon Overview and Level Annotations

Branches:
Dungeon (1/15)

Altars:


Innate Abilities, Weirdness & Mutations

You cannot be hasted, slowed, berserked, paralysed or teleported.
You can dig through walls and to a lower floor.
You have a pair of large antennae on your head. (SInv)
Your four strong arms can wield two-handed weapons with a shield.


Message History

The wind drake is lightly wounded.
The wind drake flaps its wings at you. The air twists around and strikes you!
Ouch! That really hurt!
* * * LOW HITPOINT WARNING * * *
The wind drake exhales a fierce blast of wind!
The wind drake begins repelling missiles!
The wind drake exhales a fierce blast of wind!
You are blown backwards! "Go forth and destroy!"
You feel clever all of a sudden.
Hit: a) +0 mace (chaos)
Press: ? - help, Dir - move target, f - wind drake
Aim: a wind drake shaped shifter (lightly wounded, repelling missiles, about 56% to evade your +0 mace of chaos)
Your weapon can't reach that far!
Okay, then.
Unknown command.
You make a move on Xom's chessboard...
The wind drake suddenly stops moving!
You see here a hobgoblin corpse.
You enter the shallow water.
Moving in this stuff is going to be slow.
You start resting.
A wind drake is nearby!
You make a move on Xom's chessboard...
The wind drake easily resists.
You make a move on Xom's chessboard...
The wind drake easily resists. "How about this?"
From the corner of your eye you spot something lurking in the deep water.
The wind drake bites you but does no damage.
You make a move on Xom's chessboard...
The wind drake seems to slow down.
The wind drake exhales a fierce blast of wind!
You closely miss the wind drake.
The wind drake is lightly wounded.
The wind drake bites you but does no damage.
You hit the wind drake. You freeze the wind drake.
The wind drake is moderately wounded.
The wind drake bites you.
* * * LOW HITPOINT WARNING * * *
The wind drake bites you.
You die...
Xom snickers!

♣♣♣♣ ♣♣♣♣♣♣ ♣♣ ♣♣♣P♣.
♣♣♣k...♣♣♣♣ ♣.♣♣ ≈
♣♣....♣
♣♣...♣.....♣♣♣♣...♣≈≈
♣.♣.♣♣♣
#..♣♣♣♣♣...†.♣...≈≈≈♣
♣♣.♣♣ ##..♣
♣♣♣♣♣...≈≈≈♣ ♣.♣♣
#..♣♣ ♣♣≈≈≈≈♣♣ ♣♣.♣♣
##.♣♣♣ ♣♣♣≈k≈♣♣♣ ♣♣.♣
...#..♣♣♣♣♣♣≈≈≈.@♣♣♣
♣♣♣..♣
...##.....♣♣♣≈♣♣...♣♣♣
♣♣..♣♣♣ ...+..#.....♣♣
♣♣♣...♣♣ ♣♣.♣♣♣
(..##.#.....♣
♣♣♣♣.♣♣♣.♣♣ ...
#.###....♣ ♣♣...♣♣♣♣♣
... #.. ......
♣♣♣♣....♣♣♣♣ ... #.#
....♣ ♣♣♣♣♣.... #.#
###.. ♣♣♣P♣ ... . {
♣♣♣


You could see a wind drake shaped shifter (repels missiles, slow, catching
breath).

Vanquished Creatures
  A hobgoblin (D:1)
1 creature vanquished.

Notes
Turn   | Place    | Note
-------+----------+-------------------------------------------
     0 | D:1      | rabbitsville the Formicid Chaos Knight began the quest for
                  | the Orb.
     0 | D:1      | Reached XP level 1. HP: 18/18 MP: 1/1
    43 | D:1      | XOM: silly message
   111 | D:1      | Noticed a shapeshifter
   111 | D:1      | a bat changed into a shapeshifter
   111 | D:1      | Noticed a wind drake
   111 | D:1      | a shapeshifter changed into a wind drake
   125 | D:1      | XOM: potion effect (brilliance)
   145 | D:1      | XOM: silly message
   149 | D:1      | Slain by a wind drake (shapeshifter)

Illustrated notes

Levels and vault maps discovered:
D:1:      kilobyte_arrival_exit_the_forest, layout_basic, minmay_hexomino_u4

Action                   || total
-------------------------++-------
Melee: Mace              ||    10
       Punch             ||     1
Evoke: Piece from Xom's  ||     4
Armor: Leather armour    ||     3
Dodge: Dodged            ||     4

Table legend: (Time is in decaauts)
 A = Elapsed time spent in this place.
 B = Non-inter-level travel time spent in this place.
 C = Inter-level travel time spent in this place.
 D = Time resting spent in this place.
 E = Time spent auto-exploring this place.
 F = Levels seen in this place.
 G = Mean time per level.
                   A        B        C        D        E       F      G
               +--------+--------+--------+--------+--------+-----+--------+
         Total |    153 |    153 |      0 |      8 |     52 |   1 |  153.0 |
       Dungeon |    153 |    153 |      0 |      8 |     52 |   1 |  153.0 |
               +--------+--------+--------+--------+--------+-----+--------+

Top non-repeatable levels by time:
     D:1: 153 daAuts
